 Dungeon Crawl Stone Soup version 0.26-a0-1132-ge9770dfcb6 (webtiles) character file.

Game seed: 13445377638845645179

8715 voltaire321 the Destroyer (level 11, -4/75 HPs)
             Began as an Octopode Conjurer on Dec 20, 2020.
             Was an Elder of Sif Muna.
             Slain by hehateme's ghost (7 damage)
             ... on level 10 of the Dungeon.
             The game lasted 00:52:11 (15434 turns).

voltaire321 the Destroyer (Octopode Conjurer)      Turns: 15434, Time: 00:52:12

Health: -4/75      AC:  1    Str:  7    XL:     11   Next: 35%
Magic:  8/21       EV: 17    Int: 27    God:    Sif Muna [****..]
Gold:   394        SH:  0    Dex: 11    Spells: 10/24 levels left

rFire    + + .     SeeInvis +   F - +3 falchion of the New World {venom, +Inv rF+ Will++ Int+4} (curse)
rCold    + . .     Faith    .   (no shield)
rNeg     . . .     Spirit   .   (helmet restricted)
rPois    .         Reflect  .   (no amulet)
rElec    .         Harm     .   q - ring of protection from fire
rCorr    .         Rampage  .   w - ring of see invisible
Will     ++...                  y - ring of protection from cold
Stlth    ++++......             (no ring)
HPRegen  0.22/turn              (no ring)
MPRegen  0.17/turn              (no ring)
                                (no ring)
                                (no ring)

@: no status effects
A: almost no armour, stealthy swim, amphibious, 8 rings, constrict 8, camouflage
1, gelatinous body 1
a: Renounce Religion, Evoke Invisibility, Channel Magic, Forget Spell, Divine
Exegesis


You were on level 10 of the Dungeon.
You worshipped Sif Muna.
Sif Muna was greatly pleased with you.
You visited 1 branch of the dungeon, and saw 10 of its levels.

You collected 849 gold pieces.
You spent 455 gold pieces at shops.

Inventory:

Hand Weapons
 F - the cursed +3 falchion of the New World (weapon) {venom, +Inv rF+ Will++ Int+4}
   (You found it on level 8 of the Dungeon)

   It poisons the flesh of those it strikes.
   It affects your intelligence (+4).
   It protects you from fire.
   It affects your willpower, your defense against some magical effects.
   It lets you turn invisible.
   It has a curse placed upon it.
Magical Staves
 C - an uncursed staff of earth {unknown}
Jewellery
 q - a ring of protection from fire (left tentacle)
 w - a ring of see invisible (right tentacle)
 y - a ring of protection from cold (on tentacle)
Wands
 e - a wand of paralysis (16)
 k - a wand of flame (12)
 r - a wand of enslavement (10)
 B - a wand of iceblast (7)
 G - a wand of digging (3)
 H - a wand of disintegration (29)
Scrolls
 a - 5 scrolls of teleportation
 b - 9 scrolls of remove curse
 d - 3 scrolls of random uselessness {unknown}
 h - a scroll of fog
 l - 3 scrolls of identify
 m - 2 scrolls of amnesia
 n - a scroll of fear {unknown}
 p - 2 scrolls of immolation {unknown}
 t - a scroll of blinking {unknown}
 u - a scroll of magic mapping {unknown}
 x - a scroll of enchant armour
 D - 2 scrolls of enchant weapon {unknown}
Potions
 c - a potion of resistance
 f - 2 potions of lignification
 g - a potion of cancellation {unknown}
 i - a potion of haste
 j - a potion of brilliance {unknown}
 o - 2 potions of ambrosia {unknown}
 v - 2 potions of curing
 z - a potion of might
 A - a potion of degeneration {unknown}
 E - a potion of mutation {unknown}
 I - a potion of magic {unknown}
Miscellaneous
 s - a lightning rod (4/4)


   Skills:
 + Level 7.4 Fighting
 + Level 7.9 Dodging
 - Level 5.0 Stealth
 + Level 7.1 Spellcasting
 + Level 8.6 Conjurations
 * Level 2.3 Summonings
 * Level 2.4 Ice Magic
 + Level 7.8 Invocations


You had 10 spell levels left.
You knew the following spells:

 Your Spells              Type           Power        Failure   Level
a - Magic Dart            Conj           100%         1%          1
b - Searing Ray           Conj           100%         1%          2
c - Hailstorm             Conj/Ice       39%          6%          4
d - Frozen Ramparts       Ice            44%          6%          3
e - Summon Ice Beast      Ice/Summ       22%          22%         4

Your spell library contained the following spells:

 Spells                   Type           Power        Failure   Level
 Freeze                   Ice            88%          2%          1
 Summon Small Mammal      Summ           88%          2%          1
 Call Imp                 Summ           22%          3%          2
 Dazzling Flash           Conj/Hex       64%          3%          3
 Ozocubu's Armour         Ice            22%          6%          3
 Call Canine Familiar     Summ           22%          7%          3
 Fulminant Prism          Conj/Hex       16%          10%         4
 Iskenderun's Mystic Bla  Conj/Tloc      32%          10%         4
 Summon Guardian Golem    Hex/Summ       15%          11%         3
 Summon Lightning Spire   Summ/Air       15%          34%         4


Dungeon Overview and Level Annotations

Branches:
Dungeon (10/15)            Temple (0/1) D:4            Lair (0/6) D:8
    Orc: D:9-12

Altars:
Ashenzari
Elyvilon
Fedhas
Gozag
Hepliaklqana
Kikubaaqudgha
Makhleb
Okawaru
Qazlal
Sif Muna
Trog
Uskayaw
Wu Jian
Yredelemnul
Zin
The Shining One

Shops:
D:7 [}[*   D:8 (:

Annotations:
D:5 1 runed translucent door
D:7 2 transporters, Firebatgyro's ghost, novice DgWz
D:10 hehateme's ghost, novice GnWn


Innate Abilities, Weirdness & Mutations

You cannot wear most types of armour.
You are very stealthy in the water. (Stealth+)
You are amphibious.
You can wear up to eight rings at the same time.
You can use your tentacles to constrict eight enemies at once.
Your skin changes colour to match your surroundings (Stealth+).
Your rubbery body absorbs attacks. (AC +1, EV +1)


Message History

Hehateme's ghost is heavily damaged. (Press . to maintain the ray.) Hehateme's ghost hits you.
Hehateme's ghost freezes you.
The searing ray hits hehateme's ghost but does no damage.
Hehateme's ghost is heavily damaged.
Hehateme's ghost hits you!
* * * LOW HITPOINT WARNING * * *
Hehateme's ghost freezes you.
* * * LOW HITPOINT WARNING * * *
The searing ray hits hehateme's ghost!
Hehateme's ghost is severely damaged.
Hehateme's ghost hits you!
* * * LOW HITPOINT WARNING * * *
Hehateme's ghost freezes you.
* * * LOW HITPOINT WARNING * * *
Okay, then.
The searing ray hits hehateme's ghost but does no damage.
Hehateme's ghost is severely damaged.
You finish channeling your searing ray.
Hehateme's ghost hits you!
You die...

....(.....>...........###########
.###################..#
......................###########
....#######......................
....# #......................
##### ########...............
#####...............
##...#...............
#..W@................
##'##................
#.≈.#....(...........
#.≈.#................
###.≈.######...........
#.#.≈.#................
###+###.#?".#................
........#####................
........†....................


You could see hehateme's ghost.

Vanquished Creatures
  Harold (D:8)
  2 two-headed ogres (D:9)
  An elephant (D:8)
  Psyche (D:8)
  Maggie (D:6)
  5 yaks
  2 humans (D:9)
  Menkaure (D:4)
  2 water moccasins
  Duvessa (D:5)
  3 black bears
  4 sky beasts
  A phantom (D:6)
  2 orc warriors
  7 centaurs
  3 ogres
  Blork the orc (D:6)
  A spectral wyvern (D:9)
  4 bullfrogs
  Dowan (D:5)
  2 wyvern skeletons
  4 scorpions
  8 wights
  A centaur zombie (D:9)
  4 jellies
  2 bullfrog zombies (D:9)
  3 orc priests
  2 bullfrog skeletons
  12 hounds
  A centaur skeleton (D:6)
  Crazy Yiuf (D:6)
  3 iguanas
  6 orc wizards
  9 worker ants
  A hound skeleton (D:9)
  3 gnolls (D:9)
  2 worker ant zombies (D:9)
  9 adders
  2 howler monkey skeletons
  A shadow imp (D:9)
  4 white imps
  4 ufetubi
  An ooze (D:6)
  5 adder skeletons
  5 worms
  5 dart slugs
  8 leopard geckos
  23 orcs
  A ball python (D:6)
  16 bats
  3 giant cockroaches
  12 hobgoblins
  8 jackals
  3 quokkas
  A ball python zombie (D:4)
  7 frilled lizards
  9 goblins
  9 kobolds
  3 rats
247 creatures vanquished.

Vanquished Creatures (others)
  3 fungi (D:6)
  2 plants (D:6)
5 creatures vanquished.

Grand Total: 252 creatures vanquished

Notes
Turn   | Place    | Note
-------+----------+-------------------------------------------
     0 | D:1      | voltaire321 the Octopode Conjurer began the quest for the
                  | Orb.
     0 | D:1      | Reached XP level 1. HP: 11/11 MP: 3/3
     6 | D:1      | Noticed a redback
     6 | D:1      | Noticed a black bear
     6 | D:1      | Noticed a lindwurm
     6 | D:1      | Noticed a seven-headed hydra
     6 | D:1      | Noticed an anaconda
   440 | D:1      | Reached XP level 2. HP: 18/18 MP: 1/5
   529 | D:1      | You fall into a shaft and drop 1 floor!
   820 | D:2      | Learned a level 2 spell: Searing Ray
   971 | D:2      | Reached XP level 3. HP: 22/22 MP: 2/6
  1020 | D:2      | Reached skill level 1 in Fighting
  1632 | D:1      | Reached XP level 4. HP: 28/28 MP: 4/7
  2285 | D:2      | Found a hide-covered altar of Uskayaw.
  2289 | D:2      | Noticed a +0 dagger
  2289 | D:2      | Noticed a +0 hand axe
  2376 | D:2      | Found a shimmering blue altar of Sif Muna.
  3028 | D:2      | Became a worshipper of Sif Muna the Loreminder
  3242 | D:3      | Reached XP level 5. HP: 34/34 MP: 7/9
  4308 | D:3      | Found a broken altar of Ashenzari.
  4376 | D:3      | Reached * piety under Sif Muna
  4406 | D:3      | Reached skill level 1 in Invocations
  4587 | D:3      | Reached XP level 6. HP: 39/39 MP: 8/10
  4753 | D:4      | Found a white marble altar of Elyvilon.
  4805 | D:4      | Found a staircase to the Ecumenical Temple.
  5097 | D:4      | Found a glowing silver altar of Zin.
  5115 | D:4      | Found a basalt altar of Yredelemnul.
  5117 | D:4      | Noticed Menkaure
  5119 | D:4      | Found an ancient bone altar of Kikubaaqudgha.
  5122 | D:4      | Found a transporter.
  5137 | D:4      | Found a transporter.
  5163 | D:4      | Killed Menkaure
  5164 | D:4      | Reached skill level 5 in Stealth
  5164 | D:4      | Reached skill level 5 in Conjurations
  5164 | D:4      | Reached XP level 7. HP: 35/46 MP: 2/12
  5370 | D:4      | Found a stormy altar of Qazlal.
  5453 | D:5      | Entered Level 5 of the Dungeon
  5624 | D:5      | Noticed Duvessa
  5637 | D:5      | Noticed Dowan
  5647 | D:5      | Killed Duvessa
  5721 | D:5      | Killed Dowan
  6091 | D:5      | Found a runed translucent door.
  6091 | D:5      | Found a glowing golden altar of the Shining One.
  6091 | D:5      | Noticed an angel
  6098 | D:5      | Reached XP level 8. HP: 31/52 MP: 13/13
  6419 | D:5      | Found an iron altar of Okawaru.
  6455 | D:5      | Reached ** piety under Sif Muna
  6625 | D:5      | Found a burning altar of Makhleb.
  6882 | D:6      | Noticed Maggie
  7576 | D:6      | Found a blossoming altar of Fedhas.
  7744 | D:6      | Noticed Blork the orc
  7760 | D:6      | Killed Blork the orc
  8263 | D:6      | Killed Maggie
  8264 | D:6      | Reached skill level 5 in Dodging
  8264 | D:6      | Reached skill level 6 in Conjurations
  8451 | D:6      | Found a hazy altar of Hepliaklqana.
  8464 | D:6      | Reached XP level 9. HP: 39/59 MP: 6/16
  8614 | D:6      | Found an ornate altar of the Wu Jian Council.
  8767 | D:6      | Found a runed translucent door.
  8768 | D:6      | Noticed Crazy Yiuf
  8773 | D:6      | Killed Crazy Yiuf
  8862 | D:7      | Found a transporter.
  8862 | D:7      | Noticed Firebatgyro's ghost (novice DgWz)
  8865 | D:7      | Found a transporter.
  8878 | D:7      | Reached skill level 5 in Spellcasting
  8902 | D:7      | Identified the +3 dire flail "Zuwkuh" {chaos, rC+ Stlth+}
  8902 | D:7      | Noticed a two-headed ogre
  8941 | D:7      | Reached skill level 5 in Fighting
  9133 | D:7      | Reached skill level 5 in Invocations
  9239 | D:7      | Found Gyhanw Geus's Gadget Boutique.
  9408 | D:7      | Found Xoxkoogg's General Store.
  9598 | D:7      | Found Cojific's Antique Armour Shop.
  9754 | D:7      | Found a bloodstained altar of Trog.
 10011 | D:7      | Found Baogeuh's Antique Armour Shoppe.
 10114 | D:8      | Found Plog's Book Shoppe.
 10224 | D:8      | Reached skill level 7 in Conjurations
 10225 | D:8      | Reached *** piety under Sif Muna
 10393 | D:8      | Noticed an elephant
 10417 | D:8      | Got a jewelled falchion
 10424 | D:8      | Identified the cursed +3 falchion of the New World {venom,
                  | +Inv rF+ Will++ Int+4} (You found it on level 8 of the
                  | Dungeon)
 10862 | D:8      | Found a staircase to the Lair.
 10881 | D:8      | Reached XP level 10. HP: 68/68 MP: 11/18
 11013 | D:8      | Found Guehiol's Antique Weapon Boutique.
 11121 | D:8      | Noticed Psyche
 11134 | D:8      | Killed Psyche
 11346 | D:8      | Found an opulent altar of Gozag.
 11349 | D:8      | Noticed Harold
 11599 | D:8      | Killed an elephant
 12169 | D:8      | Killed Harold
 12381 | D:9      | Noticed a two-headed ogre
 12395 | D:9      | Killed a two-headed ogre
 12396 | D:9      | Reached skill level 8 in Conjurations
 12820 | D:9      | Noticed a two-headed ogre
 12839 | D:9      | Killed a two-headed ogre
 12840 | D:9      | Reached XP level 11. HP: 47/75 MP: 11/21
 13016 | D:8      | Bought a book of Frost for 455 gold pieces
 13021 | D:8      | Learned a level 4 spell: Hailstorm
 13025 | D:8      | Learned a level 3 spell: Frozen Ramparts
 13030 | D:8      | Learned a level 4 spell: Summon Ice Beast
 13456 | D:9      | Found an iron altar of Okawaru.
 13467 | D:9      | Reached skill level 1 in Summonings
 13467 | D:9      | Reached skill level 1 in Ice Magic
 13875 | D:9      | Reached **** piety under Sif Muna
 14445 | D:10     | Entered Level 10 of the Dungeon
 15375 | D:10     | Found a runed translucent door.
 15377 | D:10     | Noticed hehateme's ghost (novice GnWn)
 15433 | D:10     | HP: 3/75 [hehateme's ghost (1)]
 15434 | D:10     | Slain by hehateme's ghost

Illustrated notes

Levels and vault maps discovered:
D:1:      onia_arrival_zoo_common, layout_basic, minmay_close_crescents
D:2:      minmay_door_path, layout_basic, lemuel_coloured_pillars_altar,
          dancing_weapons_uskayaw
D:3:      layout_rooms, ashenzari_altar_1, roderic_batcave
D:4:      layout_cave_pools, gammafunk_temple_of_torment, grunt_qazlal_clouds,
          kennysheep_mini_moat, lemuel_doored_altar, minmay_temple_entry_wispy
D:5:      layout_cave_pods, lemuel_crystal_altar, makhleb_blood_cavern_becter,
          lemuel_angel_altar, uniq_duvessa
D:6:      layout_cave_pools, marbit_many_paths, lemuel_crystal_altar,
          serial_glass, glass_columns_c, glass_columns_a, glass_columns_b,
          glass_columns_a, glass_columns_b, glass_columns_a, fedhas_altar_3,
          uniq_crazy_yiuf_cottage, uniq_maggie, uniq_blork_the_orc
D:7:      layout_loops_cross, serial_shops, shop, shop, kennysheep_mini,
          nicolae_shop_behind_doors, gammafunk_ghost_smash, nrook_mini_vaults,
          trog_hazing_becter
D:8:      layout_basic, lemuel_crystal_altar, david_lair_generic, serial_shops,
          shop, shop, moated_statue, uniq_harold, uniq_psyche
D:9:      layout_cave_pools, hangedman_weighted_door, okawaru_humans
D:10:     layout_long_grid, orc_david_3, nicolae_trove_entry_columns,
          basic_altar, ebering_ghost_reflecting_pool

Skill      XL: |  1  2  3  4  5  6  7  8  9 10 11 |
---------------+----------------------------------+-----
Stealth        | 3 4 5 |  5.0
Fighting       | 1 2 3 4 5 7 |  7.4
Dodging        | 3 4 5 6 7 |  7.9
Spellcasting   | 3 4 5 6 7 |  7.1
Invocations    | 1 2 3 4 6 7 |  7.8
Conjurations   | 5 6 7 8 |  8.6
Summonings     | 2 |  2.3
Ice Magic      | 2 |  2.4

Action                   |  1- 3 |  4- 6 |  7- 9 | 10-12 || total
-------------------------+-------+-------+-------+-------++-------
Melee: Unarmed           |    17 |       |       |       ||    17
       Constrict         |     6 |     9 |    16 |    20 ||    51
       Tentacles         |     2 |     2 |     8 |    24 ||    36
       Dagger            |     6 |    47 |       |       ||    53
       Hand axe          |       |     9 |    73 |       ||    82
       Falchion          |       |       |     3 |    78 ||    81
 Cast: Magic Dart        |    54 |   109 |    76 |    64 ||   303
       Searing Ray       |     1 |    11 |    34 |    46 ||    92
  Use: Potion            |     1 |       |     1 |     1 ||     3
       Scroll            |       |     5 |     4 |     3 ||    12
 Stab: Sleeping          |       |     2 |     2 |     3 ||     7
Armor: Skin              |     1 |     8 |     4 |     3 ||    16
Dodge: Dodged            |    15 |    38 |   109 |   120 ||   282
       Rpst.: Falchion   |       |       |       |    37 ||    37

Table legend: (Time is in decaauts)
 A = Elapsed time spent in this place.
 B = Non-inter-level travel time spent in this place.
 C = Inter-level travel time spent in this place.
 D = Time resting spent in this place.
 E = Time spent auto-exploring this place.
 F = Levels seen in this place.
 G = Mean time per level.
                   A        B        C        D        E       F      G
               +--------+--------+--------+--------+--------+-----+--------+
         Total |  15492 |  15055 |    437 |   7437 |   4538 |  10 | 1549.2 |
       Dungeon |  15492 |  15055 |    437 |   7437 |   4538 |  10 | 1549.2 |
               +--------+--------+--------+--------+--------+-----+--------+

Top non-repeatable levels by time:
     D:2: 2138 daAuts
     D:5: 2105 daAuts
     D:8: 2038 daAuts
     D:7: 1861 daAuts
     D:9: 1712 daAuts
     D:6: 1330 daAuts
     D:3: 1326 daAuts
     D:1: 1229 daAuts
    D:10: 995 daAuts
     D:4: 755 daAuts
